TOP OF THE 1ST |
Pittsburgh Killa Beez batting - Pitching for Santa Clarita Music : RHP Pierre Lauzon
|
Pitching: RHP Pierre Lauzon
|
|
Batting: RHB Bo Long
|
0-0: Called Strike 0-1: Ball 1-1: Ball 2-1: Ball 3-1: Foul Ball, location: 2F 3-2: SINGLE (Flyball, 9LS)
|
Batting: RHB Inês Kappes
|
0-0: Called Strike 0-1: Foul Ball, location: 2F 0-2: Ball 1-2: Ball 2-2: Foul Ball, location: 2F 2-2: Strikes out swinging
|
Batting: LHB Brian Lawson
|
0-0: Called Strike 0-1: Ball Bo Long is caught stealing 2nd base 1-1: Ground out U3 (Groundball, 3)
|
Top of the 1st over - 0 runs, 1 hit, 0 errors, 0 left on base; Pittsburgh 0 - Santa Clarita 0 |
BOTTOM OF THE 1ST |
Santa Clarita Music batting - Pitching for Pittsburgh Killa Beez : RHP Xian-gan Xú
|
Pitching: RHP Xian-gan Xú
|
|
Batting: RHB Roberto García
|
0-0: Called Strike 0-1: DOUBLE (Line Drive, 7LM)
|
Batting: RHB Júlio Mateo
|
0-0: Ball 1-0: Swinging Strike 1-1: Ball 2-1: SINGLE (Line Drive, 9LS) Roberto García to third
|
Batting: LHB Daryl Thomas
|
0-0: SINGLE (Groundball, 34D) Roberto García scores Júlio Mateo to second Runner from 2nd tries for 3rd, SAFE, no throw
|
Batting: RHB Jeff Peterson
|
0-0: Called Strike 0-1: Called Strike 0-2: Grounds into double play, 1-6-3 (Groundball, P)
|
Batting: LHB Federico Medina
|
0-0: Ball 1-0: Fly out, F7 (Flyball, 7LD)
|
Bottom of the 1st over - 1 run, 3 hits, 0 errors, 1 left on base; Pittsburgh 0 - Santa Clarita 1 |
TOP OF THE 2ND |
Pittsburgh Killa Beez batting - Pitching for Santa Clarita Music : RHP Pierre Lauzon
|
Batting: RHB Víctor Ochoa
|
0-0: Ground out 4-3 (Groundball, 4)
|
Batting: SHB José Castillo
|
0-0: SINGLE (Flyball, 78S)
|
Batting: RHB Aifell Muthuri
|
0-0: Ball 1-0: Ball 2-0: Ball 3-0: Called Strike 3-1: Fly out, F4 (Popup, 4M)
|
Batting: LHB Ramón Ortíz
|
0-0: Ball 1-0: Swinging Strike 1-1: Fly out, F4 (Popup, 4S)
|
Top of the 2nd over - 0 runs, 1 hit, 0 errors, 1 left on base; Pittsburgh 0 - Santa Clarita 1 |
BOTTOM OF THE 2ND |
Santa Clarita Music batting - Pitching for Pittsburgh Killa Beez : RHP Xian-gan Xú
|
Batting: RHB Leroy Bates
|
0-0: Ball 1-0: Swinging Strike 1-1: Called Strike 1-2: Hit by Pitch
|
Batting: RHB Ramón Cabrera
|
0-0: Swinging Strike 0-1: Ball 1-1: Ball 2-1: Foul Ball, location: 2F 2-2: Grounds into double play, 4-6-3 (Groundball, 4)
|
Batting: RHB Francisco Candelária
|
0-0: DOUBLE (Line Drive, 9LM)
|
Batting: SHB Matthew Hughes
|
0-0: Ball 1-0: Ground out U3 (Groundball, 34)
|
Bottom of the 2nd over - 0 runs, 1 hit, 0 errors, 1 left on base; Pittsburgh 0 - Santa Clarita 1 |
TOP OF THE 3RD |
Pittsburgh Killa Beez batting - Pitching for Santa Clarita Music : RHP Pierre Lauzon
|
Batting: RHB Alonso Sacco
|
0-0: Fly out, F9 (Flyball, 89M)
|
Batting: RHB Jorge Flores
|
0-0: Ball 1-0: SINGLE (Line Drive, 7LS)
|
Batting: RHB Bo Long
|
0-0: Ball 1-0: Foul Ball, location: 2F 1-1: Ball 2-1: Ball 3-1: SINGLE (Flyball, 89M) Jorge Flores to second Runner from 2nd tries for 3rd, SAFE, throw made to third Bo Long to second
|
Batting: RHB Inês Kappes
|
0-0: Ball 1-0: Ball 2-0: TRIPLE (Line Drive, 8RXD) Jorge Flores scores Bo Long scores
|
Batting: LHB Brian Lawson
|
0-0: Ball 1-0: Foul Ball, location: 2F 1-1: Called Strike 1-2: Foul Ball, location: 2F 1-2: Ball 2-2: Ball 3-2: Foul Ball, location: 2F 3-2: Fly out, F4 (Line Drive, 4)
|
Batting: RHB Víctor Ochoa
|
0-0: Called Strike 0-1: Swinging Strike 0-2: Hit by Pitch
|
Batting: SHB José Castillo
|
0-0: Fly out, F4 (Line Drive, 34)
|
Top of the 3rd over - 2 runs, 3 hits, 0 errors, 2 left on base; Pittsburgh 2 - Santa Clarita 1 |
BOTTOM OF THE 3RD |
Santa Clarita Music batting - Pitching for Pittsburgh Killa Beez : RHP Xian-gan Xú
|
Batting: RHB Roberto García
|
0-0: Fly out, F7 (Flyball, 78S)
|
Batting: RHB Júlio Mateo
|
0-0: Ball 1-0: Called Strike 1-1: Called Strike 1-2: Foul Ball, location: 2F 1-2: Foul Ball, location: 2F 1-2: Fly out, F7 (Flyball, 7S)
|
Batting: LHB Daryl Thomas
|
0-0: Ball 1-0: Ground out 6-3 (Groundball, 6)
|
Bottom of the 3rd over - 0 runs, 0 hits, 0 errors, 0 left on base; Pittsburgh 2 - Santa Clarita 1 |
TOP OF THE 4TH |
Pittsburgh Killa Beez batting - Pitching for Santa Clarita Music : RHP Pierre Lauzon
|
Batting: RHB Aifell Muthuri
|
0-0: SINGLE (Line Drive, 7S)
|
Batting: LHB Ramón Ortíz
|
0-0: Ball 1-0: Called Strike 1-1: Called Strike 1-2: Ball 2-2: Foul Ball, location: 2F 2-2: Strikes out swinging
|
Batting: RHB Alonso Sacco
|
0-0: Swinging Strike 0-1: Ball 1-1: Foul Ball, location: 2F 1-2: Hit by Pitch Aifell Muthuri to second
|
Batting: RHB Jorge Flores
|
0-0: Called Strike 0-1: Ball 1-1: Called Strike 1-2: Ball 2-2: Foul Ball, location: 2F 2-2: Strikes out swinging
|
Batting: RHB Bo Long
|
0-0: Called Strike 0-1: Fly out, F3 (Line Drive, 34)
|
Top of the 4th over - 0 runs, 1 hit, 0 errors, 2 left on base; Pittsburgh 2 - Santa Clarita 1 |
BOTTOM OF THE 4TH |
Santa Clarita Music batting - Pitching for Pittsburgh Killa Beez : RHP Xian-gan Xú
|
Batting: RHB Jeff Peterson
|
0-0: Ball 1-0: Foul Ball, location: 2F 1-1: Foul Ball, location: 2F 1-2: SINGLE (Groundball, 34D)
|
Batting: LHB Federico Medina
|
0-0: Called Strike 0-1: Ball Wild Pitch! Jeff Peterson to second 1-1: Ball 2-1: Foul Ball, location: 2F 2-2: Ground out 3-1 (Groundball, 34S) Jeff Peterson to third
|
Batting: RHB Leroy Bates
|
0-0: Fly out, F8 (Flyball, 8LM) Runner from 3rd tags up, SCORES, throw made
|
Batting: RHB Ramón Cabrera
|
0-0: Called Strike 0-1: Ball 1-1: Ball 2-1: Swinging Strike 2-2: Ball 3-2: Foul Ball, location: 2F 3-2: Foul Ball, location: 2F 3-2: Strikes out looking
|
Bottom of the 4th over - 1 run, 1 hit, 0 errors, 0 left on base; Pittsburgh 2 - Santa Clarita 2 |
TOP OF THE 5TH |
Pittsburgh Killa Beez batting - Pitching for Santa Clarita Music : RHP Pierre Lauzon
|
Batting: RHB Inês Kappes
|
0-0: Ball 1-0: SINGLE (Groundball, 15S) (infield hit)
|
Batting: LHB Brian Lawson
|
0-0: Ball 1-0: Called Strike 1-1: Ball 2-1: Fly out, F7 (Flyball, 78M)
|
Batting: RHB Víctor Ochoa
|
0-0: Ball 1-0: Fly out, F8 (Flyball, 89M)
|
Batting: SHB José Castillo
|
0-0: Ball 1-0: Foul Ball, location: 2F 1-1: Ball 2-1: Ground out 4-3 (Groundball, 4)
|
Top of the 5th over - 0 runs, 1 hit, 0 errors, 1 left on base; Pittsburgh 2 - Santa Clarita 2 |
BOTTOM OF THE 5TH |
Santa Clarita Music batting - Pitching for Pittsburgh Killa Beez : RHP Xian-gan Xú
|
Batting: RHB Francisco Candelária
|
0-0: Foul Ball, location: 2F 0-1: DOUBLE (Line Drive, 7LM)
|
Batting: SHB Matthew Hughes
|
0-0: Called Strike 0-1: Ball 1-1: SINGLE (Flyball, 89S) Francisco Candelária to third
|
Batting: RHB Roberto García
|
0-0: Swinging Strike 0-1: Ball 1-1: Foul Ball, location: 2F 1-2: DOUBLE (Line Drive, 8LD) Francisco Candelária scores Matthew Hughes to third
|
Batting: RHB Júlio Mateo
|
0-0: Ball 1-0: Ball 2-0: Ball 3-0: Fly out, F4 (Popup, 4S)
|
Batting: LHB Daryl Thomas
|
0-0: Ball 1-0: Foul Ball, location: 2F 1-1: Fly out, F7 (Line Drive, 7) Runner from 3rd tags up, OUT at HOME
|
Bottom of the 5th over - 1 run, 3 hits, 0 errors, 1 left on base; Pittsburgh 2 - Santa Clarita 3 |
TOP OF THE 6TH |
Pittsburgh Killa Beez batting - Pitching for Santa Clarita Music : RHP Pierre Lauzon
|
Batting: RHB Aifell Muthuri
|
0-0: Called Strike 0-1: Ball 1-1: Ball 2-1: Fly out, F8 (Flyball, 8RD)
|
Batting: LHB Ramón Ortíz
|
0-0: Ball 1-0: Ball 2-0: Called Strike 2-1: Ball 3-1: Swinging Strike 3-2: Strikes out swinging
|
Batting: RHB Alonso Sacco
|
0-0: Ball 1-0: Foul Ball, location: 2F 1-1: Ball 2-1: Called Strike 2-2: Strikes out looking
|
Top of the 6th over - 0 runs, 0 hits, 0 errors, 0 left on base; Pittsburgh 2 - Santa Clarita 3 |
BOTTOM OF THE 6TH |
Santa Clarita Music batting - Pitching for Pittsburgh Killa Beez : RHP Xian-gan Xú
|
Batting: RHB Jeff Peterson
|
0-0: Called Strike 0-1: Swinging Strike 0-2: Fly out, F8 (Line Drive, 8LS)
|
Batting: LHB Federico Medina
|
0-0: Ground out U3 (Groundball, 3)
|
Batting: RHB Leroy Bates
|
0-0: Ball 1-0: Called Strike 1-1: SINGLE (Flyball, 8LS)
|
Batting: RHB Ramón Cabrera
|
0-0: Called Strike 0-1: Called Strike 0-2: Ball 1-2: Ball 2-2: Foul Ball, location: 2F 2-2: Foul Ball, location: 2F 2-2: DOUBLE (Flyball, 89D) Leroy Bates to third Runner from 3rd tries for Home, SAFE, no throw
|
Batting: RHB Francisco Candelária
|
0-0: Called Strike 0-1: Ball 1-1: Ball 2-1: Foul Ball, location: 2F 2-2: Foul Ball, location: 2F 2-2: SINGLE (Line Drive, 6M) Ramón Cabrera to third Runner from 3rd tries for Home, SAFE, no throw
|
Pitching: RHP José Estrada
|
|
Batting: SHB Matthew Hughes
|
0-0: Ball 1-0: SINGLE (Groundball, 34D) Francisco Candelária to second Runner from 2nd tries for 3rd, OUT!
|
Bottom of the 6th over - 2 runs, 4 hits, 0 errors, 1 left on base; Pittsburgh 2 - Santa Clarita 5 |
TOP OF THE 7TH |
Pittsburgh Killa Beez batting - Pitching for Santa Clarita Music : RHP Pierre Lauzon
|
Batting: RHB Jorge Flores
|
0-0: Foul Ball, location: 2F 0-1: Ball 1-1: Reached on error, E1 (Groundball, P)
|
Batting: RHB Bo Long
|
0-0: Called Strike 0-1: Ball 1-1: Swinging Strike 1-2: Fly out, F8 (Line Drive, 8RD)
|
Batting: RHB Inês Kappes
|
0-0: Ball 1-0: Ball 2-0: Ball 3-0: Base on Balls
|
Pitching: RHP Juan García
|
|
Batting: LHB Brian Lawson
|
0-0: Called Strike 0-1: Foul Ball, location: 2F 0-2: Foul Ball, location: 2F 0-2: Strikes out looking
|
Batting: RHB Víctor Ochoa
|
0-0: Foul Ball, location: 2F 0-1: Ground out 5-3 (Groundball, 56S)
|
Top of the 7th over - 0 runs, 0 hits, 1 error, 2 left on base; Pittsburgh 2 - Santa Clarita 5 |
BOTTOM OF THE 7TH |
Santa Clarita Music batting - Pitching for Pittsburgh Killa Beez : RHP José Estrada
|
Batting: RHB Roberto García
|
0-0: Ball 1-0: Called Strike 1-1: Fly out, F7 (Line Drive, 7D)
|
Batting: RHB Júlio Mateo
|
0-0: Called Strike 0-1: Ball 1-1: Ball 2-1: Called Strike 2-2: Foul Ball, location: 2F 2-2: Ball 3-2: Foul Ball, location: 2F 3-2: Strikes out swinging
|
Batting: LHB Daryl Thomas
|
0-0: Ball 1-0: SINGLE (Groundball, 34D)
|
Batting: RHB Jeff Peterson
|
0-0: Called Strike 0-1: Called Strike 0-2: Ball 1-2: Ground out 4-3 (Groundball, 4)
|
Bottom of the 7th over - 0 runs, 1 hit, 0 errors, 1 left on base; Pittsburgh 2 - Santa Clarita 5 |
TOP OF THE 8TH |
Pittsburgh Killa Beez batting - Pitching for Santa Clarita Music : RHP Juan García
|
Now at 2B: Juan Martínez
|
|
Now in RF: Pablo Tobías
|
|
Batting: SHB José Castillo
|
0-0: Swinging Strike 0-1: Foul Ball, location: 2F 0-2: Strikes out looking
|
Batting: RHB Aifell Muthuri
|
0-0: Ball 1-0: Swinging Strike 1-1: Ball 2-1: Fly out, F7 (Flyball, 7)
|
Batting: LHB Ramón Ortíz
|
0-0: Swinging Strike 0-1: Ball 1-1: Foul Ball, location: 2F 1-2: Strikes out swinging
|
Top of the 8th over - 0 runs, 0 hits, 0 errors, 0 left on base; Pittsburgh 2 - Santa Clarita 5 |
BOTTOM OF THE 8TH |
Santa Clarita Music batting - Pitching for Pittsburgh Killa Beez : RHP José Estrada
|
Batting: LHB Federico Medina
|
0-0: Ground out 3-1 (Groundball, 34S)
|
Batting: RHB Leroy Bates
|
0-0: Swinging Strike 0-1: Called Strike 0-2: Ball 1-2: Fly out, F7 (Flyball, 78D)
|
Batting: RHB Ramón Cabrera
|
0-0: SINGLE (Flyball, 89S)
|
Batting: RHB Francisco Candelária
|
0-0: Ball 1-0: Called Strike 1-1: Swinging Strike 1-2: Strikes out looking
|
Bottom of the 8th over - 0 runs, 1 hit, 0 errors, 1 left on base; Pittsburgh 2 - Santa Clarita 5 |
TOP OF THE 9TH |
Pittsburgh Killa Beez batting - Pitching for Santa Clarita Music : RHP Juan García
|
Pitching: RHP Nick Carroll
|
|
Batting: RHB Alonso Sacco
|
0-0: Called Strike 0-1: Ball 1-1: Fly out, F8 (Flyball, 8RD)
|
Batting: RHB Jorge Flores
|
0-0: Ball 1-0: SINGLE (Line Drive, 6D)
|
Batting: RHB Bo Long
|
0-0: Ball 1-0: Swinging Strike 1-1: Ball Wild Pitch! Jorge Flores to second 2-1: Called Strike 2-2: Ball 3-2: Strikes out swinging
|
Batting: RHB Inês Kappes
|
0-0: Called Strike 0-1: Ball 1-1: Ball 2-1: Ball 3-1: Foul Ball, location: 2F 3-2: Foul Ball, location: 2F 3-2: Foul Ball, location: 2F 3-2: Strikes out swinging
|
Top of the 9th over - 0 runs, 1 hit, 0 errors, 1 left on base; Pittsburgh 2 - Santa Clarita 5 |
|